 Dungeon Crawl Stone Soup version 0.26-a0-665-gefeb406119 (webtiles) character file.

Game seed: 6893867641683131657

125 imo the Chopper (level 4, -1/40 HPs)
             Began as a Deep Dwarf Fighter on Oct 15, 2020.
             Succumbed to a worker ant's poison
             ... while paralysed by Grinder
             ... on level 4 of the Dungeon.
             The game lasted 00:02:40 (471 turns).

imo the Chopper (Deep Dwarf Fighter)                 Turns: 471, Time: 00:02:40

Health: -1/40      AC:  6    Str: 20    XL:     4   Next: 82%
Magic:  1/1        EV:  2    Int:  9    God:
Gold:   33         SH:  0    Dex: 12    Spells: 3/3 levels left

rFire    . . .     SeeInvis .   a - +0 war axe
rCold    . . .     Faith    .   c - +0 kite shield
rNeg     . . .     Spirit   .   b - +0 scale mail
rPois    .         Reflect  .   (no helmet)
rElec    .         Harm     .   (no cloak)
rCorr    .         Rampage  .   (no gloves)
MR       .....                  (no boots)
Stlth    ..........             (no amulet)
HPRegen  0.00/turn              (no ring)
MPRegen  0.07/turn              (no ring)

@: paralysed, lethally poisoned (-1 -> -21), flying, non-regenerating
A: damage resistance, heal wounds, sense surroundings 1, no regeneration
a: Heal Wounds


You were on level 4 of the Dungeon.
You visited 1 branch of the dungeon, and saw 4 of its levels.

You collected 33 gold pieces.

Inventory:

Hand Weapons
 a - a +0 war axe (weapon)
Armour
 b - a +0 scale mail (worn)
 c - a +0 kite shield (worn)
 d - a +0 helmet
 m - a +0 cloak
Jewellery
 i - a cursed ring of teleportation {unknown}
Wands
 n - a wand of random effects (19)
Scrolls
 g - 2 scrolls of remove curse
 h - a scroll of amnesia
 j - a scroll of teleportation
 o - a scroll of fog
Potions
 f - a potion of curing {unknown}
 k - a potion of magic {unknown}
 l - a potion of flight


   Skills:
 - Level 2.6 Fighting
 + Level 5.6 Axes
 - Level 3.2 Armour
 - Level 3.2 Shields


You had 3 spell levels left.
You didn't know any spells.
Your spell library was empty.

Dungeon Overview and Level Annotations

Branches:
Dungeon (4/15)
 Temple: D:4-7

Altars:
Cheibriados
Dithmenos
Makhleb
Okawaru
Yredelemnul

Annotations:
D:4 Grinder


Innate Abilities, Weirdness & Mutations

You are resistant to damage.
You can heal yourself by infusing magical energy.
You passively map a small area around you.
You do not regenerate.


Message History

You writhe in agony.
The worker ant bites you.
* * * LOW HITPOINT WARNING * * *
You are more poisoned.
The worker ant poisons you!
* * * LOW HITPOINT WARNING * * *
You feel sick. The adder bites you.
* * * LOW HITPOINT WARNING * * *
Grinder hits you but does no damage. The worker ant bites you.
* * * LOW HITPOINT WARNING * * *
The adder bites you but does no damage.
* * * LOW HITPOINT WARNING * * *
You feel very sick. The worker ant bites you.
* * * LOW HITPOINT WARNING * * *
You are more poisoned.
The worker ant poisons you! Grinder gestures at you.
You resist with some effort. The adder bites you but does no damage.
The worker ant bites you but does no damage.
You die...

* ## *
##########.. ,
#..........#,# #
* , #...P.P..
.#.##.#
#...≈≈≈P##.#....#
* ,
.♣≈.≈≈≈P#.......
#..≈≈≈≈≈..B....).
,,,,
#P≈.≈≈≈.S@...###
* #.≈≈≈≈≈≈5....#
, #.≈≈≈≈♣≈....[#
* *#8
#♣≈≈≈≈≈......#
##.
#P≈.≈.≈≈♣....#
#_.
#.≈.≈≈≈≈.....#
*#. .P.≈♣P......#
, , #8
#.PP.......# , *#
, , #


You could see Grinder, a worker ant and an adder.

Vanquished Creatures
  The ghost of lunkers the Sneak, a weakling KoDe (D:3)
  Robin (D:3)
  3 adders (D:3)
  3 worms (D:3)
  A dart slug (D:3)
  A leopard gecko (D:4)
  2 giant cockroaches (D:3)
  11 goblins
  7 hobgoblins
  12 jackals
  A kobold (D:3)
  2 quokkas (D:4)
  2 ball pythons (D:3)
  3 bats (D:3)
  3 frilled lizards
  3 rats
56 creatures vanquished.

Vanquished Creatures (others)
  2 plants (D:4)
2 creatures vanquished.

Grand Total: 58 creatures vanquished

Notes
Turn   | Place    | Note
-------+----------+-------------------------------------------
     0 | D:1      | imo the Deep Dwarf Fighter began the quest for the Orb.
     0 | D:1      | Reached XP level 1. HP: 20/20 MP: 1/1
    23 | D:1      | You fall into a shaft and drop 1 floor!
   109 | D:3      | Found a runed translucent door.
   111 | D:3      | Noticed lunkers's ghost (weakling KoDe)
   114 | D:3      | Reached skill level 3 in Axes
   114 | D:3      | Reached XP level 2. HP: 27/27 MP: 2/2
   122 | D:3      | Killed lunkers's ghost
   122 | D:3      | Reached skill level 4 in Axes
   122 | D:3      | Reached XP level 3. HP: 18/33 MP: 3/3
   132 | D:3      | Found a runed translucent door.
   146 | D:3      | Found a shadowy altar of Dithmenos.
   196 | D:3      | Noticed Robin
   206 | D:3      | Killed Robin
   206 | D:3      | Reached XP level 4. HP: 39/40 MP: 2/2
   242 | D:3      | Found an iron altar of Okawaru.
   251 | D:3      | Reached skill level 5 in Axes
   404 | D:4      | Found a snail-covered altar of Cheibriados.
   441 | D:4      | Found a basalt altar of Yredelemnul.
   442 | D:4      | Found a burning altar of Makhleb.
   454 | D:4      | Noticed Grinder
   460 | D:4      | Paralysed by Grinder for 5 turns
   466 | D:4      | Paralysed by Grinder for 7 turns
   470 | D:4      | HP: 2/40 [worker ant (1)]
   471 | D:4      | Succumbed to a worker ant's poison

Illustrated notes

Levels and vault maps discovered:
D:1:      dpeg_arrival_morbid_curiosity, layout_basic
D:2:      layout_loops_ring
D:3:      layout_basic, lemuel_crystal_altar, grunt_dithmenos_smoke_and_mirrors,
          ebering_ghost_sewer_f, uniq_robin
D:4:      layout_basic, nicolae_overflow_hidden_temple, serial_bayou,
          serial_bayou_shore_b, serial_bayou_pond_b, serial_bayou_pond_b,
          serial_bayou_lake_a, uniq_grinder

Skill      XL: |  1  2  3  4 |
---------------+-------------+-----
Axes           | 3 4 5 |  5.6
Fighting       | |  2.6
Armour         | |  3.2
Shields        | |  3.2

Action                   |  1- 3 |  4- 6 || total
-------------------------+-------+-------++-------
Melee: War axe           |    43 |    75 ||   118
 Abil: Heal Wounds       |     2 |     1 ||     3
  Use: Potion            |     1 |     1 ||     2
       Scroll            |       |     4 ||     4
Armor: Scale mail        |    32 |    86 ||   118
Dodge: Dodged            |    28 |    43 ||    71
Block: Kite shield       |    41 |    55 ||    96

Table legend: (Time is in decaauts)
 A = Elapsed time spent in this place.
 B = Non-inter-level travel time spent in this place.
 C = Inter-level travel time spent in this place.
 D = Time resting spent in this place.
 E = Time spent auto-exploring this place.
 F = Levels seen in this place.
 G = Mean time per level.
                   A        B        C        D        E       F      G
               +--------+--------+--------+--------+--------+-----+--------+
         Total |    516 |    516 |      0 |      0 |      0 |   4 |  129.0 |
       Dungeon |    516 |    516 |      0 |      0 |      0 |   4 |  129.0 |
               +--------+--------+--------+--------+--------+-----+--------+

Top non-repeatable levels by time:
     D:3: 239 daAuts
     D:4: 163 daAuts
     D:2: 90 daAuts
     D:1: 23 daAuts
